 Dungeon Crawl Stone Soup version 0.31.0-32-g396128a36d (webtiles) character file.

Game seed: 3777773405318205559

56659 Alphaeus the Brawler (level 14, -10/141 HPs)
             Began as a Troll Shapeshifter on Mar 19, 2024.
             Was the Champion of Jiyva.
             Killed from afar by a smoke demon (27 damage)
             ... with a ball of steam
             ... summoned by an orc high priest
             ... on level 2 of the Orcish Mines.
             The game lasted 00:27:12 (15052 turns).

Alphaeus the Brawler (Troll Shapeshifter)          Turns: 15052, Time: 00:27:12

Health: -10/141    AC:  5    Str: 29    XL:     14   Next: 42%
Magic:  15/15      EV: 14    Int:  6    God:    Jiyva [******]
Gold:   368        SH: 11    Dex:  9    Spells: 13/13 levels left

rFire   . .          .
                       - Unarmed
rCold   . . .        (no shield)
rNeg    + . .        C - +0 pearl dragon scales
rPois   +            (helmet unavailable)
rElec   .            (cloak currently unavailable)
rCorr   +            (gloves unavailable)
SInv    .            (boots unavailable)
Will    +....        R - amulet of reflection Stlth
                     y - ring of poison resistance
HPRegen 2.83/turn    i - +5 ring of evasion
MPRegen 0.94/turn

%: reflection, clarity
@: on fire, beast-form, corroded, glowing
A: beast (slay +4), large, unfitting armour, claws 3, regeneration 1, shaggy fur
1, tough skin 1, horns 3, talons 1, large bone plates 2, clarity, high MP 2,
wild magic 3, gelatinous body 1, jelly sensing items
a: Begin Untransformation, Renounce Religion, Oozemancy, Slimify


You were on level 2 of the Orcish Mines.
You worshipped Jiyva.
Jiyva was exalted by your worship.
You were a hulking beast.
You visited 4 branches of the dungeon, and saw 20 of its levels.
You visited 1 bazaar.
You also visited: Sewer.

You collected 1541 gold pieces.
You spent 1173 gold pieces at shops.

Inventory:

Armour
 z - a +2 robe of willpower
 C - +0 pearl dragon scales (worn)
 G - a +0 kite shield
 J - +0 acid dragon scales
Jewellery
 b - an amulet of regeneration
 h - an amulet of guardian spirit
 i - a +5 ring of evasion (right claw)
 v - a ring of fire
 y - a ring of poison resistance (left claw)
 H - a ring of positive energy
 I - an amulet of faith
 O - a +5 ring of evasion
 R - an amulet of reflection (around neck)
Talismans
 c - a beast talisman
 o - a flux talisman
Wands
 a - a wand of roots (9)
 d - a wand of paralysis (17)
 x - a wand of polymorph (12)
 B - a wand of acid (16)
Scrolls
 f - 4 scrolls of teleportation
 g - 3 scrolls of enchant weapon
 j - 2 scrolls of vulnerability
 k - 9 scrolls of blinking
 m - a scroll of poison {unknown}
 n - 4 scrolls of fog
 u - a scroll of enchant armour
 w - 2 scrolls of noise
 K - a scroll of brand weapon
 M - a scroll of torment {unknown}
 P - a scroll of amnesia
 Q - 2 scrolls of identify
Potions
 e - 3 potions of might
 l - 3 potions of cancellation
 p - a potion of resistance
 q - 4 potions of heal wounds
 r - 5 potions of haste
 s - a potion of mutation
 A - 2 potions of enlightenment {unknown}
 D - 2 potions of lignification
 E - a potion of degeneration {unknown}
 F - a potion of curing
 L - 3 potions of ambrosia {unknown}
 N - 2 potions of attraction {unknown}
Miscellaneous
 t - a sack of spiders


   Skills:
 + Level 9.9 Fighting
 - Level 1.5 Dodging
 * Level 16.4 Unarmed Combat
 * Level 15.2 Shapeshifting


You had 13 spell levels left.
You didn't know any spells.
Your spell library contained the following spells:

 Spells                   Type           Power      Damage    Failure   Level
 Foxfire                  Conj/Fire      0%         2x1d4     93%         1
 Summon Small Mammal      Summ           0%         N/A       93%         1
 Call Canine Familiar     Summ           0%         N/A       99%         3
 Ozocubu's Armour         Ice            0%         N/A       99%         3
 Tukima's Dance           Hex            0%         N/A       99%         3
 Volatile Blastmotes      Fire/Tloc      0%         2d10      99%         3
 Fulminant Prism          Conj/Alch      0%         3d5       100%        4
 Iskenderun's Mystic Bla  Conj/Tloc      0%         2d3       100%        4
 Passage of Golubria      Tloc           0%         N/A       100%        4
 Summon Blazeheart Golem  Fire/Summ      0%         N/A       100%        4
 Metabolic Englaciation   Hex/Ice        0%         N/A       100%        5
 Silence                  Hex/Air        0%         N/A       100%        5
 Yara's Violent Unravell  Hex/Alch       0%         3d3       100%        5
 Plasma Beam              Fire/Air       0%         2x1d10    100%        6
 Sculpt Simulacrum        Ice/Alch       0%         N/A       100%        6
 Starburst                Conj/Fire      0%         6d3       100%        6
 Lehudib's Crystal Spear  Conj/Erth      0%         10d2      100%        8


Dungeon Overview and Level Annotations

Branches:
Dungeon (14/15)            Temple (1/1) D:7            Lair (3/5) D:8
 Shoals (0/4) Lair:3       Spider (0/4) Lair:3          Orc (2/2) D:11
    Elf (0/3) Orc:2        Vaults (0/5) D:14          Sewer (visited)

Altars:
Ashenzari
Cheibriados
Dithmenos
Elyvilon
Fedhas
Gozag
Hepliaklqana
Kikubaaqudgha
Makhleb
Nemelex Xobeh
Okawaru
Qazlal
Ru
Sif Muna
Trog
Uskayaw
Vehumet
Wu Jian
Xom
Yredelemnul
Zin
The Shining One
Lugonu

Shops:
D:1 :   D:3 [   D:8 !   D:12 !   D:13 (


Innate Abilities, Weirdness & Mutations

You are a hulking beast.
Your limbs bulge with bestial killing power. (Slay +4)
You are too large for most types of armour.
You have claws for hands.
Your natural rate of healing is unusually fast.
You are covered in fur. (AC +1)
You have tough skin. (AC +1)
You have a pair of large horns on your head.
You have sharp toenails.
You are mostly covered in large bone plates. (SH +6)
You possess an exceptional clarity of mind.
You have a considerably increased reservoir of magic. (+20% MP)
Your spells are much harder to cast, but much more powerful.
Your rubbery body absorbs attacks. (AC +1, EV +1)
You have a small jelly attached to you that senses nearby items.


Message History

Beogh smites you!
The orc warrior hits you with a +0 mace.
The orc warrior hits you with a +0 war axe!
* * * LOW HITPOINT WARNING * * *
You mangle the orc high priest!!
You claw the orc high priest, but do no damage.
The orc high priest is almost dead.
The liquid fire burns you!
* * * LOW HITPOINT WARNING * * *
The rust devil hits you.
* * * LOW HITPOINT WARNING * * *
The rust devil corrodes you!
You hear a slurping noise.
The orc high priest invokes the aid of Beogh against you.
Pain shoots through your body!
* * * LOW HITPOINT WARNING * * *
Okay, then.
Blink to where?
Press: ? - help, Dir - move target
As you read the scroll of blinking, it crumbles to dust.
The liquid fire burns you!
* * * LOW HITPOINT WARNING * * *
The orc high priest invokes the aid of Beogh against you.
Beogh smites you!
* * * LOW HITPOINT WARNING * * *
You feel much better. The liquid fire burns you!
* * * LOW HITPOINT WARNING * * *
You hear a distant slurping noise.
Something barely misses the smoke demon.
The orc priest mumbles some strange prayers to Beogh against you.
The jelly writhes in agony!
The orc priest begins to cast a cantrip, but forgets the words!
You shake off some of the fire as you move.
The liquid fire burns you!
* * * LOW HITPOINT WARNING * * *
The rust devil disappears in a puff of smoke!
The smoke demon gestures at you. The ball of steam hits you!!
You die...

###.######.## ### ##......#....#
##.## #. ##...........##
#...##### ...
##.............####.#.##.##
#..###..####.####...#.#........#
........##.....##...........#.##
........#.......#.#............#
........#.......#.............##
............_...h.............#
##..>...#......§#............##
#......#.....§.#...........##
#...#...##.....##...........##
.#..#...####3####.^..........###
...........§................##.##
..........oJ)..............##...#
...........o...............##..##
........oo4o..............#....#


There were no monsters in sight!

Vanquished Creatures
  3 entropy weavers (Lair:3)
  A hydra (D:14)
  A vault guard (D:14)
  3 ghost crabs (Lair:3)
  2 centaur warriors (D:13)
  A boulder beetle (D:13)
  A two-headed ogre (D:10)
  11 death yaks
  6 fire crabs (Lair:3)
  A skyshark (Lair:2)
  Amaemon (Lair:3)
  4 skeletal warriors (D:12)
  An arcanist (D:14)
  A deep elf archer (D:14)
  2 harpies (Lair:3)
  A deep elf pyromancer (D:14)
  2 necromancers (D:14)
  10 ugly things
  An orc sorcerer (Orc:2)
  A cyclops (shapeshifter) (D:14)
  6 cyclopes
  3 manticores
  Maurice (D:8)
  A meliai (Lair:3)
  An apocalypse crab (Lair:3)
  3 centaur zombies (D:12)
  Joseph (D:7)
  An orange demon (Lair:3)
  4 cane toads (Lair:1)
  A gargoyle (D:11)
  4 unseen horrors
  Jeremiah (D:6)
  Psyche (D:8)
  A freezing wraith (D:14)
  A rime drake (Lair:2)
  4 tengu conjurers (D:14)
  A komodo dragon (Lair:3)
  An efreet (D:14)
  A yaktaur (D:14)
  4 trolls
  Prince Ribbit (D:6)
  A hornet (D:7)
  A meliai zombie (D:12)
  A centaur simulacrum (D:9)
  2 vampires (D:12)
  5 shadows
  18 yaks
  A water elemental (D:11)
  3 wraiths
  A warg (Orc:2)
  3 basilisks
  19 humans (D:14)
  3 vampire mosquitoes (D:13)
  5 wyverns
  A steam dragon (D:9)
  2 acid dragons
  11 water moccasins
  12 orc warriors
  2 sky beasts
  2 black bears
  An ice beast (D:6)
  5 ogres
  7 centaurs
  5 wolves (Lair:3)
  A phantom (D:5)
  Blork the orc (D:6)
  2 kobold brigands
  A gnoll sergeant (D:11)
  10 bullfrogs
  3 scorpions
  5 wights (D:7)
  8 killer bees
  4 howler monkeys
  3 electric eels (D:11)
  10 orc priests
  2 hounds
  2 jellies (Sewer)
  A gnoll bouda (D:10)
  A sleepcap (D:6)
  Jessica (D:3)
  3 iguanas
  23 orc wizards
  4 hell rats (D:7)
  Terence (D:2)
  3 adders
  6 gnolls
  8 river rats
  2 ufetubi (D:5)
  2 dart slugs
  4 ribbon worms
  47 orcs
  15 ball pythons
  4 bats
  15 endoplasms
  10 giant cockroaches
  7 goblins
  7 hobgoblins
  3 jackals (D:3)
  24 kobolds
  3 quokkas
  6 frilled lizards
  4 rats
463 creatures vanquished.

Vanquished Creatures (collateral kills)
  A cyclops (D:11)
1 creature vanquished.

Vanquished Creatures (others)
  A slime creature (D:7)
  A water moccasin (Lair:1)
  An orc warrior (D:8)
  2 centaurs
  A bullfrog (Lair:1)
  A kobold brigand (D:8)
  29 jellies
  2 hounds
  A sleepcap (D:7)
  An orc priest (Orc:2)
  An iguana (D:6)
  An orc wizard (D:4)
  3 adders
  A dart slug (D:4)
  12 orcs
  2 ball pythons (D:3)
  4 goblins (D:14)
  2 kobolds
  2 bats (D:3)
68 creatures vanquished.

Grand Total: 532 creatures vanquished

Notes
Turn   | Place    | Note
-------+----------+-------------------------------------------
     0 | D:1      | Alphaeus the Troll Shapeshifter began the quest for the
                  | Orb.
     0 | D:1      | Reached XP level 1. HP: 18/18 MP: 0/0
   153 | D:1      | Reached skill level 1 in Fighting
   177 | D:1      | Reached XP level 2. HP: 27/27 MP: 1/1
   310 | D:1      | Found Iskecleni's Book Emporium.
   567 | D:1      | Reached XP level 3. HP: 33/33 MP: 2/2
   830 | D:2      | Noticed Terence
   839 | D:2      | Killed Terence
   999 | D:2      | Reached XP level 4. HP: 38/41 MP: 3/3
  1248 | D:3      | Found Naigepym's Armour Shop.
  1251 | D:3      | Reached skill level 4 in Unarmed Combat
  1362 | D:3      | Found a glowing drain.
  1366 | Sewer    | Entered a sewer
  1416 | Sewer    | Reached XP level 5. HP: 44/49 MP: 4/4
  1560 | Sewer    | Found a viscous altar of Jiyva.
  1570 | Sewer    | Became a worshipper of Jiyva Juveruma the Shapeless
  1684 | D:3      | Noticed Jessica
  1689 | D:3      | Killed Jessica
  1690 | D:3      | Reached XP level 6. HP: 51/57 MP: 5/5
  1898 | D:3      | Reached * piety under Jiyva
  2160 | D:4      | Reached skill level 5 in Unarmed Combat
  2269 | D:4      | Reached skill level 5 in Shapeshifting
  2969 | D:4      | Reached ** piety under Jiyva
  3141 | D:5      | Entered Level 5 of the Dungeon
  3156 | D:5      | Reached XP level 7. HP: 66/66 MP: 6/6
  3198 | D:5      | Reached skill level 6 in Unarmed Combat
  3351 | D:5      | Found a blossoming altar of Fedhas.
  3536 | D:5      | Reached XP level 8. HP: 52/75 MP: 7/7
  3637 | D:5      | Reached *** piety under Jiyva
  3821 | D:6      | Noticed Prince Ribbit
  3832 | D:6      | Killed Prince Ribbit
  3833 | D:6      | Reached skill level 7 in Unarmed Combat
  3911 | D:6      | Gained mutation: You have supernaturally acute eyesight.
                  | (SInv) [Jiyva's grace]
  3911 | D:6      | Gained mutation: Armour fits poorly on your pseudopods.
                  | [Jiyva's grace]
  3911 | D:6      | Gained mutation: Armour fits poorly on your large
                  | pseudopods. [Jiyva's grace]
  3911 | D:6      | Gained mutation: Armour fits poorly on your massive
                  | pseudopods. [Jiyva's grace]
  3925 | D:6      | Found a basalt altar of Yredelemnul.
  4055 | D:6      | Found a bloodstained altar of Trog.
  4059 | D:6      | Found a shimmering blue altar of Sif Muna.
  4107 | D:6      | Noticed Blork the orc
  4114 | D:6      | Killed Blork the orc
  4415 | D:6      | Noticed Jeremiah
  4422 | D:6      | Killed Jeremiah
  4455 | D:7      | Reached skill level 8 in Unarmed Combat
  4460 | D:7      | Killed a slime creature
  4487 | D:7      | Reached XP level 9. HP: 20/84 MP: 8/8
  4606 | D:7      | Reached **** piety under Jiyva
  4632 | D:7      | Noticed Joseph
  4653 | D:7      | Killed Joseph
  4698 | D:7      | Reached skill level 9 in Unarmed Combat
  4742 | D:7      | Reached skill level 5 in Fighting
  4766 | D:7      | Noticed an unseen horror
  4771 | D:7      | Killed an unseen horror
  4832 | D:7      | Found a staircase to the Ecumenical Temple.
  4861 | Temple   | Entered the Ecumenical Temple
  4877 | D:7      | Reached XP level 10. HP: 94/95 MP: 9/9
  5059 | D:7      | Noticed a cyclops
  5065 | D:7      | Killed a cyclops
  5159 | D:7      | Reached skill level 10 in Unarmed Combat
  5179 | D:7      | Found an opulent altar of Gozag.
  5180 | D:7      | Found a stormy altar of Qazlal.
  5182 | D:7      | Found a shimmering altar of Xom.
  5185 | D:7      | Found a white marble altar of Elyvilon.
  5186 | D:7      | Found a glowing silver altar of Zin.
  5186 | D:7      | Found an iron altar of Okawaru.
  5186 | D:7      | Found a shadowy altar of Dithmenos.
  5187 | D:7      | Found a snail-covered altar of Cheibriados.
  5189 | D:7      | Found a broken altar of Ashenzari.
  5284 | D:8      | Noticed a death yak
  5284 | D:8      | Found Muzos's Distillery.
  5284 | D:8      | Found a staircase to the Lair.
  5289 | D:8      | Noticed a death yak
  5290 | D:8      | Noticed a death yak
  5299 | D:7      | Killed a death yak
  5347 | D:7      | Killed a death yak
  5351 | D:7      | HP: 6/147 [hell rat (12)]
  5351 | D:7      | HP: 1/142 [hell rat (5)]
  5472 | D:8      | Killed a death yak
  5499 | D:8      | Bought a potion of haste for 100 gold pieces
  5509 | D:8      | Reached skill level 10 in Shapeshifting
  5540 | D:8      | Reached skill level 11 in Unarmed Combat
  5546 | D:8      | Noticed Psyche
  5555 | D:8      | Killed Psyche
  5712 | D:8      | Reached ***** piety under Jiyva
  5930 | D:8      | Noticed Maurice
  5935 | D:8      | Maurice stole a flux talisman
  5936 | D:8      | Killed Maurice
  5993 | D:8      | Reached XP level 11. HP: 60/106 MP: 10/10
  6406 | D:9      | Lost mutation: Armour fits poorly on your massive
                  | pseudopods. [Jiyva's grace]
  6406 | D:9      | Gained mutation: You have a small jelly attached to you
                  | that senses nearby items. [Jiyva's grace]
  6406 | D:9      | Gained mutation: You have an increased reservoir of magic.
                  | (+10% MP) [Jiyva's grace]
  6406 | D:9      | Gained mutation: You have a considerably increased
                  | reservoir of magic. (+20% MP) [Jiyva's grace]
  6406 | D:9      | Gained mutation: You have a greatly increased reservoir of
                  | magic. (+30% MP) [Jiyva's grace]
  6953 | D:10     | Entered Level 10 of the Dungeon
  7017 | D:10     | Noticed a two-headed ogre
  7024 | D:10     | Killed a two-headed ogre
  7183 | D:10     | Found a hazy altar of Hepliaklqana.
  8045 | D:11     | Reached skill level 12 in Unarmed Combat
  8370 | D:11     | Found a staircase to the Orcish Mines.
  8442 | D:11     | Reached ****** piety under Jiyva
  8963 | Lair:1   | Entered Level 1 of the Lair of Beasts
  8988 | Lair:1   | Lost mutation: You have supernaturally acute eyesight.
                  | (SInv) [Jiyva's grace]
  8988 | Lair:1   | Lost mutation: Armour fits poorly on your large pseudopods.
                  | [Jiyva's grace]
  8988 | Lair:1   | Gained mutation: You are partially covered in large bone
                  | plates. (SH +4) [Jiyva's grace]
  8988 | Lair:1   | Gained mutation: You are mostly covered in large bone
                  | plates. (SH +6) [Jiyva's grace]
  8988 | Lair:1   | Gained mutation: You are completely covered in large bone
                  | plates. (SH +8) [Jiyva's grace]
  8988 | Lair:1   | Gained mutation: Your rubbery body absorbs attacks. (AC +1,
                  | EV +1) [Jiyva's grace]
  9637 | Lair:2   | Noticed a skyshark
  9649 | Lair:2   | Killed a skyshark
  9653 | Lair:2   | Reached XP level 12. HP: 54/118 MP: 14/14
  9714 | Lair:2   | Noticed a death yak
  9717 | Lair:2   | Noticed a death yak
  9717 | Lair:2   | Noticed a death yak
  9723 | Lair:2   | Killed a death yak
  9724 | Lair:2   | Reached skill level 13 in Unarmed Combat
  9745 | Lair:2   | Killed a death yak
  9753 | Lair:2   | Killed a death yak
 10568 | Lair:3   | Found a staircase to the Shoals.
 10602 | Lair:3   | Found a hole to the Spider Nest.
 10646 | Lair:3   | Noticed a death yak
 10647 | Lair:3   | Noticed a death yak
 10648 | Lair:3   | Noticed a death yak
 10649 | Lair:3   | Noticed a death yak
 10649 | Lair:3   | Noticed a death yak
 10655 | Lair:3   | Killed a death yak
 10658 | Lair:3   | Killed a death yak
 10664 | Lair:3   | Killed a death yak
 10671 | Lair:3   | Killed a death yak
 10679 | Lair:3   | Killed a death yak
 10680 | Lair:3   | Reached skill level 14 in Unarmed Combat
 10834 | Lair:3   | Noticed Amaemon
 10850 | Lair:3   | Killed Amaemon
 10889 | Lair:3   | Found a runed translucent door.
 11116 | Lair:3   | Lost mutation: You are completely covered in large bone
                  | plates. (SH +8) [Jiyva's grace]
 11116 | Lair:3   | Lost mutation: Armour fits poorly on your pseudopods.
                  | [Jiyva's grace]
 11116 | Lair:3   | Gained mutation: You have a pair of small horns on your
                  | head. [Jiyva's grace]
 11116 | Lair:3   | Gained mutation: You have a pair of horns on your head.
                  | [Jiyva's grace]
 11116 | Lair:3   | Gained mutation: You have a pair of large horns on your
                  | head. [Jiyva's grace]
 11116 | Lair:3   | Gained mutation: You possess an exceptional clarity of
                  | mind. [Jiyva's grace]
 11307 | Lair:3   | Reached XP level 13. HP: 99/128 MP: 15/15
 11651 | Lair:3   | Identified the +0 great sword of the Radish {heavy, rElec
                  | rF+ Str+3}
 12001 | D:12     | Reached skill level 15 in Unarmed Combat
 12422 | D:12     | Found Caezepot's Distillery.
 12428 | D:12     | Bought a potion of haste for 150 gold pieces
 12428 | D:12     | Bought a potion of heal wounds for 75 gold pieces
 12428 | D:12     | Bought a potion of haste for 150 gold pieces
 12643 | D:12     | Found an ornate altar of the Wu Jian Council.
 12921 | D:13     | Found Gyosuokk's Antique Weapon Shoppe.
 13304 | D:14     | Lost mutation: You have a greatly increased reservoir of
                  | magic. (+30% MP) [Jiyva's grace]
 13304 | D:14     | Gained mutation: Your spells are a little harder to cast,
                  | but a little more powerful. [Jiyva's grace]
 13304 | D:14     | Gained mutation: Your spells are harder to cast, but more
                  | powerful. [Jiyva's grace]
 13304 | D:14     | Gained mutation: Your spells are much harder to cast, but
                  | much more powerful. [Jiyva's grace]
 13304 | D:14     | Gained mutation: You have sharp toenails. [Jiyva's grace]
 13509 | D:14     | Reached XP level 14. HP: 103/140 MP: 15/15
 13587 | D:14     | Reached skill level 16 in Unarmed Combat
 13761 | D:14     | Found a gate to the Vaults.
 13769 | D:14     | Reached skill level 15 in Shapeshifting
 13807 | D:14     | Identified the staff "Zuuh" {Will- rCorr Str+3 Earth}
 13935 | D:14     | Found a gateway to a bazaar.
 14086 | Bazaar   | Entered a bazaar
 14086 | Bazaar   | Found Peaw's General Store.
 14086 | Bazaar   | Found Xozen's Antique Weapon Shoppe.
 14086 | Bazaar   | Found Qaomedgh's Jewellery Shop.
 14088 | Bazaar   | Found Moagikk's Distillery.
 14088 | Bazaar   | Found Tatetwu's Antique Weapon Shop.
 14123 | Bazaar   | Bought a potion of heal wounds for 55 gold pieces
 14123 | Bazaar   | Bought 3 scrolls of blinking for 247 gold pieces
 14134 | Bazaar   | Bought a +5 ring of evasion for 216 gold pieces
 14134 | Bazaar   | Bought an amulet of reflection for 180 gold pieces
 14292 | Orc:1    | Entered Level 1 of the Orcish Mines
 14455 | Orc:2    | Entered Level 2 of the Orcish Mines
 14810 | Orc:2    | Found a staircase to the Elven Halls.
 15024 | Orc:2    | Paralysed by an orc sorcerer for 2 turns
 15052 | Orc:2    | Killed from afar by a smoke demon

Illustrated notes

Levels and vault maps discovered:
D:1:      amcnicky_arrival_choice, layout_basic, serial_shops,
          nicolae_square_shop, minmay_gold_behind_fungi, minmay_fountain_box
D:2:      layout_rooms, nicolae_the_louvre, uniq_terence
D:3:      layout_loops_cross, serial_shops, nicolae_lakefront_shop,
          gup_sewer_entry_bowl, uniq_jessica
D:4:      layout_layer_cave, serial_bayou, serial_bayou_crossing,
          serial_bayou_lake_a, serial_bayou_lagoon_a, serial_bayou_pond_a,
          minmay_misc_feat_hallway
D:5:      layout_basic, amcnicky_altar_gilded, hangedman_decor_diamond_cutter
D:6:      layout_loops_ring, hellmonk_overflow_destroyed_library,
          yredelemnul_altar_generic, uniq_prince_ribbit1, uniq_jeremiah,
          uniq_blork_the_orc
D:7:      nzn_winding_woodlands_cross [nzn_winding_woodlands_5x15_cabin,
          nzn_winding_woodlands_5x15_crooked,
          nzn_winding_woodlands_5x15_split_checker,
          nzn_winding_woodlands_5x15_concentric,
          nzn_winding_woodlands_15x15_thick_spiral], layout_loops_ring,
          minitemple, minmay_temple_entry_junction_2, uniq_joseph
D:8:      layout_basic, dpeg_lair_monsters, serial_shops, shop, uniq_psyche,
          uniq_maurice
D:9:      layout_loops_ring
D:10:     layout_cave_pods, mainiacjoe_overflow_alcove_2,
          serial_co_window_serial, co_window_of_opportunity_a,
          co_window_paths_b, co_window_paths_b, co_window_corner_a,
          co_window_paths_b, co_window_paths_b, co_window_paths_a,
          co_window_broadway_c, co_window_corner_b, co_window_paths_c,
          glass_columns_a, glass_columns_a, glass_columns_a, glass_columns_c
D:11:     nicolae_moon_pools, layout_loops_ring
D:12:     layout_stronghold, serial_undead, serial_undead_e, serial_undead_b,
          serial_undead_f, serial_undead_d, serial_shops,
          nicolae_shop_tiny_statue_garden, nzn_wu_jian_contemplation
D:13:     layout_gridville, serial_shops, nicolae_shop_window_shopping
D:14:     minmay_curly_fans, layout_long_grid, grunt_vaults_entry_tiered,
          serial_shops, bzr_entry_customers, nicolae_sextant,
          hangedman_decor_points
Temple:   corrupted_temple
Lair:1:   layout_misc_corridors
Lair:2:   layout_layer_cave, chequers_serial_rivers_micro_e, minivault_24
Lair:3:   gammafunk_mikee_crab_dinner, layout_loops_ring,
          nicolae_shoals_entry_roost, hellmonk_spider_entry_not_the_bees,
          uniq_amaemon
Orc:1:    layout_diamond_mine, gammafunk_ghost_abyssal_escape, basic_altar
Orc:2:    st_orc_congregation, layout_caves, mines1_david

Skill      XL: |  1  2  3  4  5  6  7  8  9 10 11 12 13 14 |
---------------+-------------------------------------------+-----
Fighting       | 1 2 3 4 5 6 7 8 9 |  9.9
Unarmed Combat | 4 5 6 8 9 11 12 14 15 16 | 16.4
Shapeshifting  | 4 5 6 7 8 10 11 13 14 15 | 15.2
Dodging        | |  1.5

Action                     |  1- 3 |  4- 6 |  7- 9 | 10-12 | 13-15 || total
---------------------------+-------+-------+-------+-------+-------++-------
  Melee: Unarmed           |    86 |   158 |   165 |   474 |   364 ||  1247
         Punch             |     3 |     4 |     8 |    35 |    29 ||    79
         Pseudopods        |       |       |    22 |    87 |       ||   109
         Headbutt          |       |       |       |       |    66 ||    66
         Kick              |       |       |       |       |    45 ||    45
    Use: Scroll            |       |       |       |    15 |     2 ||    17
         Potion            |       |       |       |     5 |     2 ||     7
   Stab: Sleeping          |     1 |       |       |       |     1 ||     2
 Armour: Animal skin       |    39 |   117 |    91 |       |       ||   247
         Robe              |       |       |    59 |   404 |   297 ||   760
         Skin              |       |       |       |    37 |       ||    37
         Pearl dragon scal |       |       |       |       |    36 ||    36
  Dodge: Dodged            |    36 |    82 |    66 |   178 |   144 ||   506
  Block: Other             |       |       |       |    84 |    89 ||   173
         Reflection        |       |       |       |       |     1 ||     1
